 Dungeon Crawl Stone Soup version 0.28.0 (webtiles) character file.

Game seed: 8210713681890867380

268 Anon1729 the Insei (level 6, 0/37 (38) HPs)
             Began as an Octopode Transmuter on Feb 17, 2022.
             Slain by a wight (9 damage)
             ... on level 3 of the Dungeon.
             The game lasted 00:05:04 (3808 turns).

Anon1729 the Insei (Octopode Transmuter)            Turns: 3808, Time: 00:05:05

HP:   0/37 (38)     AC:  1    Str:  9    XL:     6   Next: 21%
MP:   7/9           EV: 13    Int: 18    God:
Gold: 30            SH:  0    Dex: 12    Spells: 3/9 levels left

rFire   . . .      SeeInvis .     - Unarmed
rCold   . . .      Faith    .   (no shield)
rNeg    + . .      Spirit   .   (helmet currently unavailable)
rPois   .          Reflect  .   i - amulet of regeneration
rElec   .          Harm     .   d - ring of positive energy
rCorr   .          Rampage  .   (no ring)
Will    .....                   (no ring)
Stlth   ++........              (no ring)
HPRegen 0.92/turn               (no ring)
MPRegen 0.11/turn               (no ring)
                                (no ring)
                                (no ring)

@: appendages, wereblooded, lightly drained
A: tentacle spike 3, almost no armour, amphibious, 8 rings, camouflage 1,
gelatinous body 1, (nimble swimmer 1), tentacles
a: End Transformation


You were on level 3 of the Dungeon.
One of your tentacles had grown a beastly spike.
You visited 1 branch of the dungeon, and saw 3 of its levels.

You collected 105 gold pieces.
You spent 75 gold pieces at shops.

Inventory:

Jewellery
 d - a ring of positive energy (left tentacle)
 i - an amulet of regeneration (around mantle)
Wands
 g - a wand of digging (2)
Scrolls
 a - a scroll of identify {unknown}
 b - a scroll of amnesia {unknown}
 e - a scroll of fear {unknown}
 f - a scroll of enchant weapon {unknown}
 l - a scroll of fog {unknown}
 m - a scroll of teleportation {unknown}
Potions
 c - a potion of ambrosia {unknown}
 h - a potion of resistance {unknown}
 j - 2 potions of heal wounds {unknown}
 k - a potion of curing {unknown}
 n - a potion of might {unknown}


   Skills:
 - Level 1.0 Fighting
 + Level 3.1 Dodging
 - Level 5.0 Unarmed Combat
 - Level 2.0 Spellcasting
 * Level 4.1 Transmutations


You had 3 spell levels left.
You knew the following spells:

 Your Spells              Type           Power      Damage    Failure   Level
a - Beastly Appendage     Tmut           32%        N/A       3%          1
b - Wereblood             Tmut           16%        N/A       4%          2
c - Spider Form           Tmut/Pois      9%         N/A       22%         3

Your spell library contained the following spells:

 Spells                   Type           Power      Damage    Failure   Level
 Freeze                   Ice            4%         1d3       19%         1
 Frozen Ramparts          Ice            2%         1d2       47%         3
 Portal Projectile        Hex/Tloc       2%         N/A       47%         3
 Ice Form                 Ice/Tmut       9%         N/A       58%         4
 Blade Hands              Tmut           8%         N/A       65%         5
 Excruciating Wounds      Necr           0%         N/A       99%         5
 Iron Shot                Conj/Erth      0%         9d1       100%        6
 Simulacrum               Ice/Necr       0%         N/A       100%        6
 Polar Vortex             Ice            0%         N/A       100%        9
 Animate Armour           Summ/Erth      Unusable   N/A       N/A         4

Dungeon Overview and Level Annotations

Branches:
Dungeon (3/15)

Altars:
Cheibriados
Elyvilon
Sif Muna

Shops:
D:1 =   D:3 !*


Innate Abilities, Weirdness & Mutations

One of your tentacles has grown a beastly spike.
You cannot wear most types of armour.
You are amphibious.
You can wear up to eight rings at the same time.
Your skin changes colour to match your surroundings (Stealth+).
Your rubbery body absorbs attacks. (AC +1, EV +1)
((You are camouflaged when in or above water. (Stealth+)))
You have tentacles for arms and can constrict up to eight enemies at once.


Message History

You pierce the wight, but do no damage.
The wight is lightly damaged.
You constrict the wight, but do no damage.
The wight hits you with a +0 hand axe!
You tentacle-slap the wight but do no damage.
You pierce the wight, but do no damage.
You squeeze the wight!
The wight is heavily damaged.
You constrict the wight, but do no damage.
The wight completely misses you.
You bludgeon the wight!
You pierce the wight.
You feel a bit better.
You destroy the wight!
Your Transmutations skill increases to level 4!
You tentacle-slap the wight but do no damage.
Your grab misses the wight.
You pierce the wight.
The wight is lightly damaged.
You tentacle-slap the wight. You grab the wight.
You pierce the wight, but do no damage.
The wight is moderately damaged.
You constrict the wight, but do no damage.
The wight hits you with a +4 falchion! You partially resist.
You feel drained.
You tentacle-slap the wight but do no damage.
You pierce the wight, but do no damage.
The wight is moderately damaged.
You constrict the wight, but do no damage.
The wight hits you with a +4 falchion.
You tentacle-slap the wight.
You tentacle-slap the wight, but do no damage.
You squeeze the wight, but do no damage.
The wight is heavily damaged.
You howl as the wereblood boils in your veins!
You constrict the wight, but do no damage.
The wight hits you with a +4 falchion!
* * * LOW HITPOINT WARNING * * *
Unknown command.
Okay, then.
You tentacle-slap the wight.
You pierce the wight.
You squeeze the wight.
The wight is severely damaged.
You constrict the wight, but do no damage.
The wight hits you with a +4 falchion!
You die...

#.........##..#.#########.
#######.........###.#.# #.
##...............# #.#.# #.
#................###...# ##
#...................#..##########
#.###....#######.##.#..#.........
P...##...# #.##.#............
.⌠P..#...# #.##...>..........
.....#...# #@####........<...
._._###### #z# #.#'#...###..
P###############.# #.'∩'...#≈#..
## ....>......#.# ###'#####≈###
...........#.# ###.#####≈###
...........#.# #........≈...
...........#.# #.###....≈...
..z...z....'.####.###....≈...
......z....##...#..##...###..


You could see a wight.

Vanquished Creatures
  2 wights (D:3)
  Jessica (D:2)
  A howler monkey zombie (D:3)
  Robin (D:2)
  2 gnolls (D:3)
  4 adders
  A worm (D:3)
  2 dart slugs
  5 orcs (D:3)
  4 ball pythons
  An endoplasm (D:1)
  3 giant cockroaches
  13 goblins
  8 hobgoblins
  5 quokkas
  7 bats
  3 frilled lizards
  9 kobolds
  3 rats
75 creatures vanquished.

Notes
Turn   | Place    | Note
-------+----------+-------------------------------------------
     0 | D:1      | Anon1729 the Octopode Transmuter began the quest for the
                  | Orb.
     0 | D:1      | Reached XP level 1. HP: 13/13 MP: 3/3
   428 | D:1      | Found Wudolies's Jewellery Emporium.
   453 | D:1      | Reached XP level 2. HP: 12/18 MP: 5/5
  1221 | D:1      | Reached skill level 4 in Unarmed Combat
  1421 | D:1      | Reached XP level 3. HP: 23/23 MP: 6/6
  1432 | D:1      | Found a faded altar of an unknown god.
  1590 | D:2      | Noticed Jessica
  1597 | D:2      | Killed Jessica
  1598 | D:2      | Reached XP level 4. HP: 28/28 MP: 5/7
  1817 | D:2      | Reached skill level 5 in Unarmed Combat
  1934 | D:2      | Got the Tome of the Glacier
  1997 | D:2      | Noticed Robin
  2022 | D:2      | Killed Robin
  2735 | D:3      | Learned a level 2 spell: Wereblood
  2753 | D:3      | HP: 1/28 [gnoll (6)]
  3091 | D:2      | Learned a level 3 spell: Spider Form
  3100 | D:3      | Reached XP level 5. HP: 33/33 MP: 6/8
  3240 | D:3      | Found a white marble altar of Elyvilon.
  3240 | D:3      | Found a shimmering blue altar of Sif Muna.
  3246 | D:3      | Found a snail-covered altar of Cheibriados.
  3362 | D:3      | Found Vetun's Assorted Antiques.
  3365 | D:3      | Bought a cyan potion for 23 gold pieces
  3365 | D:3      | Bought a scroll labelled SIETUAJETTA for 26 gold pieces
  3365 | D:3      | Bought a scroll labelled QEULAYNY YJUJ for 26 gold pieces
  3656 | D:3      | Reached XP level 6. HP: 37/38 MP: 7/9
  3683 | D:3      | Found Igufycva's Distillery.
  3808 | D:3      | Slain by a wight

Illustrated notes

Levels and vault maps discovered:
D:1:      sevenhm_arrival_forest_fort_small_4, layout_basic, serial_shops,
          nicolae_shop_statue_plus, basic_ecumenical_altar
D:2:      layout_basic, minmay_misc_feat_five, uniq_robin, uniq_jessica
D:3:      layout_basic, gammafunk_temple_overflow_forgotten, serial_rivers,
          chequers_serial_rivers_micro_b, chequers_serial_rivers_micro_c,
          chequers_serial_rivers_small_a, chequers_serial_rivers_micro_c,
          serial_shops, nicolae_shop_advertising_works
          [nicolae_subvault_shop_adworks], nicolae_shop_behind_doors

Skill      XL: |  1  2  3  4  5  6 |
---------------+-------------------+-----
Unarmed Combat | 4 5 |  5.0
Transmutations | 3 4 |  4.1
Dodging        | 3 |  3.1
Fighting       | |  1.0
Spellcasting   | |  2.0

Action                   |  1- 3 |  4- 6 || total
-------------------------+-------+-------++-------
Melee: Unarmed           |    52 |   118 ||   170
       Constrict         |    12 |    37 ||    49
       Tentacles         |    12 |    20 ||    32
       Kick              |    10 |    32 ||    42
       Punch             |       |     6 ||     6
 Cast: Beastly Appendage |    16 |    20 ||    36
       Wereblood         |       |     2 ||     2
 Stab: Sleeping          |     4 |     1 ||     5
Armor: Skin              |     8 |     8 ||    16
Dodge: Dodged            |    31 |    67 ||    98
